 Dungeon Crawl Stone Soup version 0.19.1 (webtiles) character file.

234 sveltemanboy the Grave Robber (level 5, -1/37 HPs)
             Began as a Mummy Necromancer on Dec 9, 2016.
             Slain by an orc
             ... wielding a +0 morningstar
              (11 damage)
             ... on level 4 of the Dungeon.
             The game lasted 00:09:29 (4129 turns).

sveltemanboy the Grave Robber (Mummy Necromancer)   Turns: 4129, Time: 00:09:31

Health: -1/37      AC:  4    Str: 12    XL:     5   Next: 75%
Magic:  2/8        EV: 12    Int: 15    God:
Gold:   244        SH:  0    Dex: 12    Spells: 3 memorised, 3 levels left

rFire  x . .     SeeInvis .     g - +4 short sword
rCold  + . .     Gourm    .     a - +0 robe
rNeg   + + +     Faith    .     (no shield)
rPois  ∞         Spirit   .     e - +0 helmet
rElec  .         Reflect  .     (no cloak)
rCorr  .         Harm     .     j - +0 pair of gloves
MR     .....                    (no boots)
Stlth  ++........               (no amulet)
                                (no ring)
                                (no ring)

@: slowed, very slow
A: no food or potions, fire vulnerability, cold resistance 1, negative energy
resistance 3, torment resistance, unbreathing
a: no special abilities


You were on level 4 of the Dungeon.
You were not hungry.

You visited 1 branch of the dungeon, and saw 4 of its levels.

You collected 244 gold pieces.

Inventory:

Hand Weapons
 g - a +4 short sword (weapon)
 i - a +1 falchion of protection
Armour
 a - a +0 robe (worn)
 e - a +0 helmet (worn)
 j - a +0 pair of gloves (worn)
Wands
 k - a wand of paralysis (12/24)
Scrolls
 c - 4 scrolls of remove curse {unknown}
 d - 3 scrolls of teleportation {unknown}
 f - 2 scrolls of enchant armour {unknown}
 h - 4 scrolls of identify {unknown}
 l - a scroll of enchant weapon {unknown}
Books
 b - a book of Necromancy

   Spells                             Type                      Level
   a - Pain                           Necromancy                   1
   b - Animate Skeleton               Necromancy                   1
   c - Vampiric Draining              Necromancy                   3
   d - Regeneration                   Charms/Necromancy            3
   e - Animate Dead                   Necromancy                   4
   f - Control Undead                 Necromancy                   4


   Skills:
 - Level 1.2 Fighting
 * Level 2.3 Long Blades
 - Level 1.5 Dodging
 - Level 1.5 Stealth
 - Level 2.0 Spellcasting
 + Level 6.1 Necromancy


You had 3 spell levels left.
You knew the following spells:

 Your Spells              Type           Power        Failure   Level  Hunger
a - Pain                  Necr           ###.         1%          1    N/A
b - Animate Skeleton      Necr           N/A          1%          1    N/A
c - Vampiric Draining     Necr           ###.......   6%          3    N/A

Dungeon Overview and Level Annotations

Branches:
Dungeon (4/15)
 Temple: D:4-7

Altars:
The Shining One


Innate Abilities, Weirdness & Mutations

You do not eat or drink.
Your flesh is vulnerable to fire.
You are immune to poison.
Your flesh is cold resistant. (rC+)
You are immune to negative energy. (rN+++)
You are immune to unholy pain and torment.
You can survive without breathing.


Message History

Sorry, you're not good enough to have a special ability.
Unknown command.
Casting: Pain
Confirm with . or Enter, or press ? or * to list all spells.
You don't know that spell.
You hit the orc wizard but do no damage.
The orc wizard barely misses you. The orc hits you with a morningstar.
The frilled lizard barely misses you. The orc barely misses you.
The orc wizard closely misses you.
The orc wizard hits you but does no damage.
The orc barely misses you. The frilled lizard misses you.
The orc hits you with a morningstar. The orc wizard hits you with a dagger.
* * * LOW HITPOINT WARNING * * *
You hit the orc.
The orc is severely wounded.
The orc wizard closely misses you. x2; The orc hits you but does no damage.
The frilled lizard bites you.
* * * LOW HITPOINT WARNING * * *
The orc wizard barely misses you. The orc hits you with a morningstar!
You die...

# .## . ... .###..
....# # #.#.##.# .
####..... .[. #
#....lo##....
#.##.#.##.@o......
..........oo##....
<####.<..#.......
.?......$....###..
..####(.###..#
...[.. .....
###$### ####.. #(
# ..


You could see 2 orc wizards, 2 orcs and a frilled lizard.

Vanquished Creatures
  Natasha (D:2)
  2 orc wizards (D:3)
  A hound zombie (D:3)
  5 adders
  An ooze (D:1)
  A dart slug (D:1)
  4 leopard geckos
  4 orcs (D:3)
  4 bats (D:1)
  3 giant cockroaches (D:1)
  7 goblins
  12 hobgoblins
  2 jackals (D:1)
  3 ball pythons
  5 frilled lizards
  10 kobolds
  9 rats
74 creatures vanquished.

Vanquished Creatures (collateral kills)
  Robin (D:2)
  A bat (D:1)
  2 hobgoblins (D:2)
4 creatures vanquished.

Grand Total: 78 creatures vanquished

Notes
Turn   | Place    | Note
-------+----------+-------------------------------------------
     0 | D:1      | sveltemanboy the Mummy Necromancer began the quest for the Orb.
     0 | D:1      | Reached XP level 1. HP: 13/13 MP: 3/3
     3 | D:1      | Learned a level 1 spell: Animate Skeleton
   257 | D:1      | Reached skill level 1 in Fighting
   292 | D:1      | Reached XP level 2. HP: 15/21 MP: 5/5
   951 | D:1      | Reached XP level 3. HP: 26/26 MP: 2/6
   993 | D:1      | Learned a level 3 spell: Vampiric Draining
  1471 | D:1      | Reached skill level 5 in Necromancy
  1961 | D:2      | Reached XP level 4. HP: 31/32 MP: 0/7
  2240 | D:2      | Noticed Robin
  2256 | D:2      | Killed Robin
  2801 | D:2      | Found a glowing golden altar of the Shining One.
  2893 | D:2      | Noticed Natasha
  2910 | D:2      | Killed Natasha
  2910 | D:2      | Reached skill level 1 in Long Blades
  3209 | D:2      | Reached XP level 5. HP: 32/37 MP: 6/8
  3389 | D:3      | Reached skill level 6 in Necromancy
  4129 | D:4      | Slain by an orc

Skill      XL: |  1  2  3  4  5 |
---------------+----------------+-----
Fighting       | 1 |  1.2
Necromancy     | 5 6 |  6.1
Long Blades    | 1 2 |  2.3
Dodging        | |  1.5
Stealth        | |  1.5
Spellcasting   | |  2.0

Action                   |  1- 3 |  4- 6 || total
-------------------------+-------+-------++-------
Melee: Unarmed           |     9 |       ||     9
       Short sword       |    27 |    91 ||   118
 Cast: Pain              |    67 |    26 ||    93
       Animate Skeleton  |     3 |    10 ||    13
       Vampiric Draining |     1 |     4 ||     5
 Stab: Sleeping          |       |     4 ||     4
Armor: Robe              |    13 |    20 ||    33
Dodge: Dodged            |    39 |    75 ||   114
